 Dungeon Crawl Stone Soup version 0.29-a0-121-g8efb068a30 (webtiles) character file.

Game seed: 1807554511562892049

25416 mathmaestro the Grappler (level 12, -5/140 HPs)
             Began as a Troll Monk on Feb 20, 2022.
             Slain by a black mamba (9 damage)
             ... on level 6 of the Lair of Beasts.
             The game lasted 00:33:31 (12608 turns).

mathmaestro the Grappler (Troll Monk)              Turns: 12608, Time: 00:33:32

Health: -5/140     AC:  6    Str: 24    XL:     12   Next: 89%
Magic:  11/11      EV: 10    Int:  4    God:
Gold:   1080       SH:  0    Dex: 14    Spells: 11/11 levels left

rFire   + . .      SeeInvis .     - Unarmed
rCold   . . .      Faith    .   (no shield)
rNeg    . . .      Spirit   .   u - +2 robe {rF+}
rPois   .          Reflect  .   (helmet restricted)
rElec   .          Harm     .   D - scarf {repulsion}
rCorr   .          Rampage  .   (gloves unavailable)
Will    ++...      Clarity  +   (boots unavailable)
Stlth   ++........              P - amulet of the acrobat
HPRegen 1.13/turn               F - ring of willpower
MPRegen 0.12/turn               O - ring of willpower

@: mighty, lethally poisoned (-5 -> -18), repel missiles
A: large, unfitting armour, claws 3, regeneration 1, shaggy fur 1, tough skin 1,
clarity, dopey 1, robust 1
a: no special abilities


You were on level 6 of the Lair of Beasts.
You visited 3 branches of the dungeon, and saw 16 of its levels.

You collected 1709 gold pieces.
You spent 629 gold pieces at shops.

Inventory:

Hand Weapons
 p - a +2 scimitar of flaming
Missiles
 c - 229 bolts
 d - 406 stones
 g - 228 arrows
 s - 10 poisoned darts
 y - 91 sling bullets
 z - 6 silver boomerangs
 I - 8 boomerangs (quivered)
 J - 8 large rocks
Armour
 u - a +2 robe of fire resistance (worn)
 B - +0 acid dragon scales
 D - a scarf of repulsion (worn)
 L - a scarf of invisibility
Jewellery
 F - a ring of willpower (left claw)
 N - a ring of protection from fire
 O - a ring of willpower (right claw)
 P - an amulet of the acrobat (around neck)
Wands
 k - a wand of acid (1)
 q - a wand of polymorph (19)
 A - a wand of iceblast (17)
 G - a wand of paralysis (4)
 H - a wand of flame (30)
Scrolls
 a - 2 scrolls of blinking
 f - 3 scrolls of fog
 h - a scroll of teleportation
 j - 3 scrolls of holy word
 t - 4 scrolls of enchant armour
 x - 6 scrolls of identify
 C - 2 scrolls of silence
 K - a scroll of fear
Potions
 b - 2 potions of resistance
 i - 5 potions of magic
 l - 2 potions of cancellation
 m - 3 potions of flight
 n - 2 potions of lignification
 r - 2 potions of mutation
 v - a potion of haste
 E - 2 potions of heal wounds
Miscellaneous
 o - a tin of tremorstones (2/2)


   Skills:
 + Level 10.8 Fighting
 - Level 10.0 Throwing
 + Level 4.4 Armour
 - Level 3.0 Dodging
 - Level 1.0 Stealth
 + Level 12.7 Unarmed Combat
 + Level 4.0 Evocations


You had 11 spell levels left.
You didn't know any spells.
Your spell library contained the following spells:

 Spells                   Type           Power      Damage    Failure   Level
 Beastly Appendage        Tmut           0%         N/A       50%         1
 Slow                     Hex            0%         N/A       50%         1
 Corpse Rot               Necr/Air       0%         N/A       65%         2
 Poisonous Vapours        Pois/Air       0%         N/A       65%         2
 Static Discharge         Conj/Air       0%         N/A       65%         2
 Wereblood                Tmut           0%         N/A       65%         2
 Confusing Touch          Hex            0%         N/A       86%         3
 Dazzling Flash           Conj/Hex       0%         N/A       86%         3
 Inner Flame              Hex/Fire       0%         N/A       86%         3
 Spider Form              Tmut/Pois      0%         N/A       86%         3
 Vampiric Draining        Necr           0%         2d6       86%         3
 Cause Fear               Hex            0%         N/A       99%         4
 Agony                    Necr           0%         N/A       100%        5
 Alistair's Intoxication  Tmut/Pois      0%         N/A       100%        5
 Borgnjor's Vile Clutch   Necr/Erth      0%         N/A       100%        5
 Lightning Bolt           Conj/Air       0%         1d11      100%        5
 Silence                  Hex/Air        0%         N/A       100%        5
 Yara's Violent Unravell  Hex/Tmut       0%         3d3       100%        5
 Eringya's Noxious Bog    Tmut/Pois      0%         N/A       100%        6
 Enfeeble                 Hex            0%         N/A       100%        7
 Malign Gateway           Summ/Tloc      0%         N/A       100%        7
 Discord                  Hex            0%         N/A       100%        8
 Maxwell's Capacitive Co  Air            0%         ∞         100%        8
 Summon Horrible Things   Summ           0%         N/A       100%        8


Dungeon Overview and Level Annotations

Branches:
Dungeon (11/15)            Temple (1/1) D:7            Lair (3/6) D:11
 Shoals (0/4) Lair:2          Orc (0/2) D:10
  Snake: Lair:2-4    Spider: Lair:2-4

Altars:
Ashenzari
Cheibriados
Dithmenos
Elyvilon
Fedhas
Gozag
Hepliaklqana
Kikubaaqudgha
Makhleb
Nemelex Xobeh
Okawaru
Qazlal
Ru
Sif Muna
Trog
Uskayaw
Vehumet
Wu Jian
Xom
Yredelemnul
Zin
The Shining One

Shops:
D:2 !   D:6 (   D:11 [

Annotations:
Lair:1 exclusion: oklob plant


Innate Abilities, Weirdness & Mutations

You are too large for most types of armour.
You have claws for hands.
Your natural rate of healing is unusually fast.
You are covered in fur. (AC +1)
You have tough skin. (AC +1)
You possess an exceptional clarity of mind.
You are dopey. (Int -2)
You are robust. (+10% HP)


Message History

The black mamba is lightly wounded.
You feel sick. The black mamba closely misses you. The black mamba bites you!
You claw the black mamba!
The black mamba is heavily wounded.
You feel sick. The black mamba bites you.
The komodo dragon hisses menacingly.
You bump into the rock wall.
You feel sick. The black mamba bites you!
* * * LOW HITPOINT WARNING * * *
You are more poisoned.
The black mamba poisons you! The black mamba bites you!
* * * LOW HITPOINT WARNING * * *
Unknown command.
You feel better.
You feel less invigorated. The black mamba closely misses you.
The black mamba bites you but does no damage.
Unknown command.
You feel very mighty all of a sudden. The black mamba barely misses you.
The manticore bites you.
* * * LOW HITPOINT WARNING * * *
The manticore claws you but does no damage.
The manticore closely misses you.
Unknown command.
You barely miss the black mamba.
The black mamba is heavily wounded.
The black mamba completely misses you. The manticore closely misses you.
The manticore claws you!
* * * LOW HITPOINT WARNING * * *
The manticore claws you!
* * * LOW HITPOINT WARNING * * *
The black mamba closely misses you.
You feel much better. The black mamba bites you!
* * * LOW HITPOINT WARNING * * *
You are poisoned.
The black mamba poisons you! The manticore bites you!
* * * LOW HITPOINT WARNING * * *
The manticore claws you!
* * * LOW HITPOINT WARNING * * *
The manticore claws you.
* * * LOW HITPOINT WARNING * * *
The black mamba bites you!
You die...

. #...########## ###
###........#.#@####P##
..............S#H..#..###
............#............###
?.P......#####..P..........##
............P#..P..........P# ##
......#...#......P..........##..#
.............<......P..P.........
...........H......####...........
..................≈####.P.P...#


You could see a manticore and a black mamba.

Vanquished Creatures
  A boulder beetle (D:11)
  2 hydras
  2 two-headed ogres
  Nergalle (D:11)
  A wolf spider zombie (D:8)
  A harpy (Lair:6)
  Pikel (D:6)
  A deep elf pyromancer (D:10)
  2 cyclopes (D:11)
  6 elephants (Lair:6)
  A manticore (Lair:6)
  A gargoyle (D:10)
  5 komodo dragons
  3 cane toads
  A rime drake (Lair:1)
  2 hellwings (D:8)
  2 polar bears (Lair:6)
  Grinder (D:3)
  7 blink frogs
  3 meliai zombies (D:8)
  Prince Ribbit (D:8)
  4 humans (D:9)
  18 yaks
  A wraith (D:11)
  A basilisk (Lair:2)
  3 wyverns
  4 steam dragons (Lair:6)
  4 vampire mosquitoes (D:10)
  2 wargs
  2 acid dragons
  4 water moccasins
  5 orc warriors (D:10)
  A sky beast (D:6)
  3 black bears
  2 ice beasts
  2 ogres
  A necrophage (D:5)
  2 centaurs
  A kobold brigand (D:7)
  A phantom (D:6)
  10 bullfrogs
  3 scorpions
  A water moccasin skeleton (D:3)
  5 killer bees (D:9)
  15 wights
  An electric eel (Lair:1)
  5 howler monkeys
  7 centaur zombies
  2 hounds
  A jelly (D:5)
  3 bullfrog skeletons
  6 orc priests
  3 gnoll shamans
  An iguana (D:6)
  Jessica (D:3)
  Ijyb (D:3)
  Natasha (thrice) (D:2)
  11 orc wizards
  A scorpion zombie (D:5)
  A hound skeleton (D:4)
  13 gnolls
  6 adders
  4 shadow imps (D:8)
  2 white imps
  An ufetubus (D:5)
  An adder skeleton (D:4)
  A worm (D:3)
  2 dart slugs
  33 orcs
  10 ball pythons
  6 endoplasms
  3 giant cockroaches
  7 goblins
  4 hobgoblins
  2 jackals (D:1)
  3 quokkas
  4 bats (D:1)
  4 frilled lizards
  11 kobolds
  A rat (D:2)
305 creatures vanquished.

Vanquished Creatures (others)
  A gnoll (D:4)
  16 fungi
  22 plants
  3 withered plants (D:8)
42 creatures vanquished.

Grand Total: 347 creatures vanquished

Notes
Turn   | Place    | Note
-------+----------+-------------------------------------------
     0 | D:1      | mathmaestro the Troll Monk began the quest for the Orb.
     0 | D:1      | Reached XP level 1. HP: 22/22 MP: 0/0
   166 | D:1      | Reached XP level 2. HP: 29/29 MP: 1/1
   565 | D:1      | Reached XP level 3. HP: 36/36 MP: 2/2
   659 | D:1      | Found a faded altar of an unknown god.
   941 | D:2      | Noticed Natasha
   959 | D:2      | Killed Natasha
  1014 | D:2      | Found Tasey's Distillery.
  1017 | D:2      | Noticed Natasha
  1051 | D:2      | Killed Natasha
  1052 | D:2      | Reached XP level 4. HP: 34/45 MP: 3/3
  1129 | D:2      | Bought a potion of curing for 36 gold pieces
  1182 | D:2      | Noticed Natasha
  1203 | D:2      | Killed Natasha
  1204 | D:2      | Reached skill level 1 in Throwing
  1204 | D:2      | Reached skill level 4 in Unarmed Combat
  1623 | D:3      | Noticed Jessica
  1627 | D:3      | Killed Jessica
  1628 | D:3      | Reached XP level 5. HP: 50/53 MP: 4/4
  1934 | D:3      | Noticed Ijyb
  1946 | D:3      | Killed Ijyb
  2137 | D:3      | Noticed Grinder
  2178 | D:3      | Killed Grinder
  2179 | D:3      | Reached skill level 5 in Unarmed Combat
  2179 | D:3      | Reached XP level 6. HP: 39/62 MP: 5/5
  2538 | D:4      | Reached XP level 7. HP: 67/70 MP: 6/6
  3170 | D:5      | Entered Level 5 of the Dungeon
  3456 | D:5      | Reached skill level 5 in Fighting
  3472 | D:5      | Reached skill level 6 in Unarmed Combat
  3666 | D:5      | Reached XP level 8. HP: 80/80 MP: 7/7
  4191 | D:2      | Bought a potion of heal wounds for 60 gold pieces
  4191 | D:2      | Bought 2 potions of degeneration for 24 gold pieces
  4383 | D:6      | Identified a scroll of acquirement
  4383 | D:6      | Acquired 854 gold pieces
  4490 | D:2      | Bought a potion of resistance for 120 gold pieces
  4490 | D:2      | Bought a potion of cancellation for 96 gold pieces
  4655 | D:6      | Noticed Pikel
  4686 | D:6      | Killed Pikel
  4687 | D:6      | Reached skill level 5 in Throwing
  4687 | D:6      | Reached skill level 7 in Unarmed Combat
  4751 | D:6      | Reached XP level 9. HP: 89/89 MP: 8/8
  4839 | D:6      | Found Wudagg's Hydra Hut.
  4843 | D:6      | Noticed a four-headed hydra
  5425 | D:6      | Found a sacrificial altar of Ru.
  6020 | D:6      | Bought a +0 scimitar of flaming for 128 gold pieces
  6163 | D:7      | Reached skill level 8 in Unarmed Combat
  6357 | D:7      | Found a staircase to the Ecumenical Temple.
  6363 | Temple   | Entered the Ecumenical Temple
  6497 | D:7      | Noticed a two-headed ogre
  6734 | D:7      | Killed a two-headed ogre
  6922 | D:7      | Reached XP level 10. HP: 97/102 MP: 9/9
  7086 | D:8      | You fall into a shaft and drop 3 floors!
  7124 | D:10     | Entered Level 10 of the Dungeon
  7149 | D:10     | Noticed a gargoyle
  7161 | D:10     | Killed a gargoyle
  7162 | D:10     | Reached skill level 9 in Unarmed Combat
  7569 | D:8      | Reached skill level 10 in Unarmed Combat
  7794 | D:8      | Noticed Prince Ribbit
  7803 | D:8      | Killed Prince Ribbit
  7914 | D:8      | Found a basalt altar of Yredelemnul.
  7921 | D:8      | Found a shimmering blue altar of Sif Muna.
  7958 | D:8      | Found a broken altar of Ashenzari.
  7965 | D:8      | Found a hide-covered altar of Uskayaw.
  7974 | D:8      | Found an opulent altar of Gozag.
  7981 | D:8      | Found a stormy altar of Qazlal.
  7989 | D:8      | Found a bloodstained altar of Trog.
  8214 | D:9      | Reached XP level 11. HP: 50/111 MP: 10/10
  8343 | D:9      | Identified the +0 helmet "Guwomirch" {+Blink rC- Int+2
                  | Dex+5}
  8553 | D:10     | Gained mutation: You have hidden genetic potential. [potion
                  | of mutation]
  8553 | D:10     | Lost mutation: You have hidden genetic potential. [potion
                  | of mutation]
  8554 | D:10     | Gained mutation: You possess an exceptional clarity of
                  | mind. [potion of mutation]
  8554 | D:10     | Gained mutation: You are dopey. (Int -2) [potion of
                  | mutation]
  8554 | D:10     | Gained mutation: You are robust. (+10% HP) [potion of
                  | mutation]
  8651 | D:10     | Noticed a deep elf pyromancer
  8657 | D:10     | Killed a deep elf pyromancer
  8737 | D:10     | Found a staircase to the Orcish Mines.
  9060 | D:11     | Reached skill level 11 in Unarmed Combat
  9164 | D:11     | Noticed a boulder beetle
  9187 | D:11     | Killed a boulder beetle
  9258 | D:11     | Noticed Nergalle
  9259 | D:11     | Found a staircase to the Lair.
  9401 | D:11     | Killed Nergalle
  9443 | D:11     | Noticed a two-headed ogre
  9448 | D:11     | Killed a two-headed ogre
  9449 | D:11     | Reached skill level 10 in Throwing
  9608 | D:11     | Found Tiol's Antique Armour Emporium.
  9615 | D:11     | Bought a heavily jewelled robe for 165 gold pieces
  9615 | D:11     | Identified the +1 robe of Winuiq {Int+2} (You bought it in
                  | a shop on level 11 of the Dungeon)
  9778 | D:11     | Noticed a six-headed hydra
  9785 | D:11     | HP: 1/128 [three-headed hydra (13)]
  9790 | D:11     | Killed a three-headed hydra
  9916 | D:11     | Reached skill level 1 in Armour
  9916 | D:11     | Reached skill level 1 in Evocations
 10251 | Lair:1   | Entered Level 1 of the Lair of Beasts
 10388 | Lair:1   | Found a hide-covered altar of Uskayaw.
 10389 | Lair:1   | Noticed an oklob plant
 10406 | Lair:1   | Reached skill level 10 in Fighting
 10406 | Lair:1   | Reached XP level 12. HP: 116/138 MP: 11/11
 10675 | Lair:1   | Identified the +2 leather armour of the Constellations
                  | {Regen+ Stlth+}
 11425 | Lair:2   | Reached skill level 12 in Unarmed Combat
 11548 | Lair:2   | Found a staircase to the Shoals.
 11692 | Lair:2   | Noticed a six-headed hydra
 11698 | Lair:2   | Killed a six-headed hydra
 12151 | Lair:3   | You fall into a shaft and drop 3 floors!
 12151 | Lair:6   | Entered Level 6 of the Lair of Beasts
 12259 | Lair:6   | Found a hazy altar of Hepliaklqana.
 12608 | Lair:6   | HP: 7/140 [manticore (9)]
 12608 | Lair:6   | Slain by a black mamba

Illustrated notes

Levels and vault maps discovered:
D:1:      shiori_arrival_elements, layout_basic,
          shapermc_ecumenical_altar_petra, minmay_octomino_c4
D:2:      layout_rooms, serial_shops, shop, uniq_natasha
D:3:      layout_basic, uniq_grinder, uniq_jessica, uniq_ijyb
D:4:      layout_cave_pools
D:5:      layout_basic
D:6:      minmay_clustersquares, layout_basic, hangedman_ru_absence,
          kennysheep_diamond, doesnt_shop_hydraphobe, uniq_pikel
D:7:      layout_basic, minmay_temple_entry_hall
D:8:      cheibrodos_grave_circle, layout_basic, grunt_temple_overflow_octagram,
          uniq_prince_ribbit1
D:9:      layout_basic, minmay_ruffians
D:10:     layout_rooms, david_orc_4
D:11:     layout_gridville, erik_lair_orcish_takeover, serial_shops,
          nicolae_shop_stone, uniq_nergalle
Temple:   nicolae_temple_great_sept
Lair:1:   layout_chaotic_city, lemuel_oklob_altar, serial_bayou_shore_a
Lair:2:   layout_regular_city, shoals_dummy_entry
Lair:3:   layout_regular_city, spider_nest_entry_webs, grunt_megastairs_3,
          uniq_snorg
Lair:6:   gammafunk_lair_ancient_temple, layout_loops_ring, basic_altar

Skill      XL: |  1  2  3  4  5  6  7  8  9 10 11 12 |
---------------+-------------------------------------+-----
Fighting       | 3 4 5 6 7 8 10 | 10.8
Dodging        | 3 |  3.0
Throwing       | 1 2 3 4 5 7 8 10 | 10.0
Unarmed Combat | 4 5 6 7 8 10 11 12 | 12.7
Armour         | 1 4 |  4.4
Evocations     | 1 4 |  4.0
Stealth        | |  1.0

Action                   |  1- 3 |  4- 6 |  7- 9 | 10-12 || total
-------------------------+-------+-------+-------+-------++-------
Melee: Unarmed           |    87 |    93 |   316 |   517 ||  1013
       Punch             |     1 |     2 |    12 |    40 ||    55
       Scimitar          |       |       |       |     5 ||     5
Throw: Large rock        |       |       |     6 |    15 ||    21
       Boomerang         |       |       |       |    34 ||    34
Evoke: Wand              |       |       |     1 |     8 ||     9
  Use: Scroll            |       |       |    21 |     6 ||    27
       Potion            |       |       |     1 |    12 ||    13
 Stab: Sleeping          |     2 |       |     3 |     3 ||     8
       Paralysed         |       |       |       |     2 ||     2
Armor: Robe              |    33 |    25 |    76 |   139 ||   273
Dodge: Dodged            |    43 |    24 |   153 |   297 ||   517
       Repelled          |       |     1 |     6 |     4 ||    11

Table legend: (Time is in decaauts)
 A = Elapsed time spent in this place.
 B = Non-inter-level travel time spent in this place.
 C = Inter-level travel time spent in this place.
 D = Time resting spent in this place.
 E = Time spent auto-exploring this place.
 F = Levels seen in this place.
 G = Mean time per level.
                   A        B        C        D        E       F      G
               +--------+--------+--------+--------+--------+-----+--------+
         Total |  12502 |  11549 |    953 |   1093 |   7806 |  16 |  781.4 |
       Dungeon |  10090 |   9208 |    882 |    841 |   6276 |  11 |  917.3 |
        Temple |     86 |     73 |     13 |      0 |     63 |   1 |   86.0 |
          Lair |   2325 |   2268 |     57 |    252 |   1467 |   4 |  581.2 |
               +--------+--------+--------+--------+--------+-----+--------+

Top non-repeatable levels by time:
     D:6: 1652 daAuts
    D:11: 1134 daAuts
     D:5: 1024 daAuts
     D:3: 1021 daAuts
  Lair:1: 986 daAuts
     D:1: 935 daAuts
  Lair:2: 899 daAuts
     D:7: 849 daAuts
     D:4: 785 daAuts
    D:10: 773 daAuts
     D:8: 767 daAuts
     D:2: 667 daAuts
     D:9: 479 daAuts
  Lair:6: 435 daAuts
  Temple: 86 daAuts
